 Dungeon Crawl Stone Soup version 0.28-a0-657-g71136c5590 (webtiles) character file.

Game seed: 13021834618408508171

375 siradein the Caller (level 6, -3/45 HPs)
             Began as a Draconian Summoner on Oct 14, 2021.
             Slain by a gnoll (7 damage)
             ... on level 4 of the Dungeon.
             The game lasted 00:04:53 (4800 turns).

siradein the Caller (Draconian Summoner)            Turns: 4800, Time: 00:04:54

Health: -3/45      AC:  6    Str: 10    XL:     6   Next: 44%
Magic:  10/13      EV: 12    Int: 17    God:
Gold:   183        SH:  0    Dex: 12    Spells: 5/14 levels left

rFire   . . .      SeeInvis +   h - +0 spear
rCold   . . .      Faith    .   (no shield)
rNeg    . . .      Spirit   .   (armour unavailable)
rPois   .          Reflect  .   (helmet restricted)
rElec   .          Harm     .   (no cloak)
rCorr   .          Rampage  .   (no gloves)
Will    .....                   (no boots)
Stlth   ++........              (no amulet)
HPRegen 0.15/turn               g - ring of see invisible
MPRegen 0.13/turn               (no ring)

@: no status effects
A: AC +6, unfitting armour, cold-blooded
a: no special abilities


You were on level 4 of the Dungeon.
You visited 1 branch of the dungeon, and saw 4 of its levels.

You collected 183 gold pieces.

Inventory:

Hand Weapons
 h - a +0 spear (weapon)
Missiles
 e - 19 poisoned darts
Jewellery
 g - a ring of see invisible (left hand)
 k - a ring of ice
Scrolls
 a - a scroll of amnesia {unknown}
 b - a scroll of immolation {unknown}
 c - 2 scrolls of teleportation {unknown}
 d - a scroll of noise {unknown}
 f - a scroll of magic mapping {unknown}
 n - 2 scrolls of identify {unknown}
Potions
 i - a potion of haste {unknown}
 j - 2 potions of curing {unknown}
 l - a potion of brilliance {unknown}
 m - 2 potions of mutation {unknown}
 o - 2 potions of degeneration {unknown}
 p - a potion of lignification {unknown}


   Skills:
 - Level 1.7 Dodging
 - Level 1.7 Stealth
 + Level 4.6 Spellcasting
 + Level 6.2 Summonings


You had 5 spell levels left.
You knew the following spells:

 Your Spells              Type           Power      Damage    Failure   Level
a - Summon Small Mammal   Summ           100%       N/A       1%          1
b - Call Imp              Summ           25%        N/A       1%          2
c - Call Canine Familiar  Summ           25%        N/A       3%          3
d - Summon Guardian Gole  Hex/Summ       14%        N/A       12%         3

Your spell library contained the following spells:

 Spells                   Type           Power      Damage    Failure   Level
 Magic Dart               Conj           12%        1d3       14%         1
 Summon Lightning Spire   Summ/Air       14%        N/A       38%         4
 Mephitic Cloud           Conj/Pois/Air  3%         N/A       41%         3


Dungeon Overview and Level Annotations

Branches:
Dungeon (4/15)
 Temple: D:4-7

Altars:
Cheibriados
Uskayaw
Xom

Annotations:
D:3 3 runed translucent doors, mordus's ghost, amateur FoFi


Innate Abilities, Weirdness & Mutations

Your plain brown scales are hard. (AC +6)
You cannot fit into any form of body armour.
You are cold-blooded and may be slowed by cold attacks.


Message History

Aim: a gnoll, wielding a +0 whip and wearing a +0 scale mail (severely wounded, about 33% to evade your +0 spear)
You reach to attack!
You hit the gnoll.
The gnoll is severely wounded.
Your hound bites the gnoll but does no damage.
The gnoll hits your hound with a +0 whip.
Your hound barely misses the gnoll.
The gnoll closely misses you.
Reach: h) +0 spear
Press: ? - help, Dir - move target, f/p - gnoll
Aim: a gnoll, wielding a +0 whip and wearing a +0 scale mail (severely wounded, ally target, about 33% to evade your +0 spear)
You reach to attack!
You hit the gnoll but do no damage.
The gnoll is severely wounded.
Your hound bites the gnoll but does no damage.
The gnoll closely misses your hound. The gnoll hits you but does no damage.
Your hound bites the gnoll.
The gnoll barely misses your hound.
Reach: h) +0 spear
Press: ? - help, Dir - move target, f/p - gnoll
Aim: a gnoll, wielding a +0 whip and wearing a +0 scale mail (almost dead, ally target, about 33% to evade your +0 spear)
You reach to attack!
You completely miss the gnoll.
The gnoll is almost dead.
Your hound bites the gnoll but does no damage.
The gnoll barely misses you. The gnoll barely misses your hound.
Reach: h) +0 spear
Press: ? - help, Dir - move target, f/p - gnoll
Aim: a gnoll, wielding a +0 whip and wearing a +0 scale mail (almost dead, ally target, about 33% to evade your +0 spear)
You could not reach far enough!
Your hound closely misses the gnoll.
Your hound barely misses the gnoll.
The gnoll hits you from afar with a +0 spear.
* * * LOW HITPOINT WARNING * * *
The gnoll completely misses your hound.
Reach: h) +0 spear
Press: ? - help, Dir - move target, f/p - gnoll
Aim: a gnoll, wielding a +0 whip and wearing a +0 scale mail (almost dead, ally target, about 33% to evade your +0 spear)
Okay, then.
Reach: h) +0 spear
Press: ? - help, Dir - move target, f/p - gnoll
Aim: a gnoll, wielding a +0 whip and wearing a +0 scale mail (almost dead, ally target, about 33% to evade your +0 spear)
You could not reach far enough!
Your hound bites the gnoll but does no damage.
The gnoll hits you from afar with a +0 spear!
You die...

##### ## ..... #.#
....## ##..# ....#
#..# #..## ##..#
##...####..#
##.....##g..##
##......†ggh@.###
####.......#####...##
#.........## ###.^###
#......g## ##...###
##.....## ###...### #
##...## ###...## #.
##.### ###..###..
##...## ##.....#
#.....## ###..##


You could see 3 gnolls and a friendly hound (summoned).

Vanquished Creatures
  A centaur zombie (D:3)
  Jessica (D:3)
  A mummy (D:3)
  2 adders
  2 dart slugs
  2 orcs
  4 ball pythons
  3 endoplasms
  5 giant cockroaches
  2 goblins
  3 hobgoblins (D:3)
  3 jackals
  5 kobolds
  6 quokkas
  3 bats (D:2)
  3 frilled lizards
  6 rats
52 creatures vanquished.

Vanquished Creatures (collateral kills)
  An ogre (D:3)
  4 hounds (D:4)
  A gnoll (D:4)
  A worm (D:3)
  A ball python (D:1)
  2 hobgoblins
  A jackal (D:4)
  A bat (D:3)
  2 frilled lizards (D:3)
14 creatures vanquished.

Grand Total: 66 creatures vanquished

Notes
Turn   | Place    | Note
-------+----------+-------------------------------------------
     0 | D:1      | siradein the Draconian Summoner began the quest for the
                  | Orb.
     0 | D:1      | Reached XP level 1. HP: 14/14 MP: 3/3
   858 | D:1      | Reached XP level 2. HP: 20/20 MP: 5/5
  1333 | D:1      | Learned a level 2 spell: Call Imp
  2540 | D:3      | Reached XP level 3. HP: 23/26 MP: 7/7
  2866 | D:3      | Found a hide-covered altar of Uskayaw.
  2912 | D:3      | Reached XP level 4. HP: 14/33 MP: 5/8
  3174 | D:3      | Found a runed translucent gate.
  3174 | D:3      | Found a runed translucent gate.
  3175 | D:3      | Found a runed translucent gate.
  3179 | D:3      | Noticed mordus's ghost (amateur FoFi)
  3186 | D:3      | Reached skill level 5 in Summonings
  3248 | D:3      | Found a shimmering altar of Xom.
  3532 | D:3      | Noticed an ogre
  3540 | D:3      | Killed an ogre
  3541 | D:3      | Reached XP level 5. HP: 38/38 MP: 4/10
  3748 | D:3      | Noticed Jessica
  3758 | D:3      | Killed Jessica
  4143 | D:3      | Found a snail-covered altar of Cheibriados.
  4287 | D:4      | Learned a level 3 spell: Call Canine Familiar
  4291 | D:4      | Learned a level 3 spell: Summon Guardian Golem
  4597 | D:4      | Reached XP level 6. HP: 44/45 MP: 12/12
  4700 | D:4      | Reached skill level 6 in Summonings
  4800 | D:4      | Slain by a gnoll

Illustrated notes

Levels and vault maps discovered:
D:1:      dpeg_arrival_water_fire, layout_basic, grunt_decor_junction
D:2:      layout_basic
D:3:      layout_basic, chei_slow_surprise, old_standard_altar,
          mainiacjoe_overflow_paths, gammafunk_ghost_necromancy,
          minmay_distorted, uniq_jessica
D:4:      layout_cave_pods, chequers_temple_overflow_minitemple,
          minmay_temple_entry_statues_fountains

Skill      XL: |  1  2  3  4  5  6 |
---------------+-------------------+-----
Spellcasting   | 3 4 |  4.6
Summonings     | 5 6 |  6.2
Dodging        | |  1.7
Stealth        | |  1.7

Action                   |  1- 3 |  4- 6 || total
-------------------------+-------+-------++-------
Melee: Unarmed           |    24 |       ||    24
       Dagger            |    16 |       ||    16
       Tailslap          |    14 |    11 ||    25
       Spear             |   137 |   157 ||   294
 Cast: Summon Small Mamm |     4 |       ||     4
       Call Imp          |     4 |     5 ||     9
       Call Canine Famil |       |     2 ||     2
 Stab: Sleeping          |     4 |     5 ||     9
       Distracted        |       |     1 ||     1
Armor: Skin              |    57 |    36 ||    93
Dodge: Dodged            |   121 |   101 ||   222

Table legend: (Time is in decaauts)
 A = Elapsed time spent in this place.
 B = Non-inter-level travel time spent in this place.
 C = Inter-level travel time spent in this place.
 D = Time resting spent in this place.
 E = Time spent auto-exploring this place.
 F = Levels seen in this place.
 G = Mean time per level.
                   A        B        C        D        E       F      G
               +--------+--------+--------+--------+--------+-----+--------+
         Total |   4830 |   4653 |    177 |    251 |   3687 |   4 | 1207.5 |
       Dungeon |   4830 |   4653 |    177 |    251 |   3687 |   4 | 1207.5 |
               +--------+--------+--------+--------+--------+-----+--------+

Top non-repeatable levels by time:
     D:3: 2035 daAuts
     D:1: 1495 daAuts
     D:2: 753 daAuts
     D:4: 545 daAuts
